 Dungeon Crawl Stone Soup version 0.31-b1-19-g70c676f (webtiles) character file.

Game seed: 381142750211898968

39 Eli the Ruffian (level 3, -5/45 HPs)
             Began as an Armataur Monk on Jan 19, 2024.
             Slain by Terence
             ... wielding a +0 trident
              (6 damage)
             ... on level 2 of the Dungeon.
             The game lasted 00:07:07 (1124 turns).

Eli the Ruffian (Armataur Monk)                     Turns: 1124, Time: 00:07:07

Health: -5/45      AC: 21    Str: 16    XL:     3   Next: 28%
Magic:  3/3        EV:  1    Int: 10    God:
Gold:   56         SH:  0    Dex: 14    Spells: 2/2 levels left

rFire   . .          .
                       - Unarmed
rCold   . . .        c - orb {light}
rNeg    . . .        a - melded +0 robe
rPois   +            (helmet currently unavailable)
rElec   .            d - melded +0 cloak
rCorr   .            (gloves currently unavailable)
SInv    .            (no barding)
Will    .....        (no amulet)
Stlth   +            (no ring)
HPRegen 0.27/turn    (no ring)
MPRegen 0.08/turn

%: roll
@: tree-form (expiring), weak-willed, slowed, glowing, very slow
A: stationary, stasis, torment immunity, boosted hp, large, (deformed body),
(tough skin 3), (armoured tail), roll 1
a: no special abilities


You were on level 2 of the Dungeon.
You were a tree.
You visited 1 branch of the dungeon, and saw 2 of its levels.

You collected 56 gold pieces.

Inventory:

Missiles
 f - 7 stones (quivered)
 m - 5 boomerangs
 Z - a throwing net
Armour
 a - a +0 robe (melded)
 c - an orb of light (worn)
 d - a +0 cloak (melded)
Scrolls
 j - a scroll of enchant weapon {unknown}
 k - a scroll of identify {unknown}
 l - a scroll of immolation {unknown}
 n - a scroll of poison {unknown}
 o - a scroll of silence {unknown}


   Skills:
 - Level 2.6 Fighting
 - Level 2.1 Dodging
 * Level 4.0 Unarmed Combat


You had 2 spell levels left.
You didn't know any spells.
Your spell library contained the following spells:

 Spells                   Type           Power      Damage    Failure   Level
 Hailstorm                Conj/Ice       0%         3d5       75%         3
 Summon Ice Beast         Ice/Summ       0%         N/A       75%         3
 Sculpt Simulacrum        Ice/Alch       0%         N/A       100%        6


Dungeon Overview and Level Annotations

Branches:
Dungeon (2/15)

Altars:

Annotations:
D:2 Jessica, Terence


Innate Abilities, Weirdness & Mutations

You are a tree.
Your roots penetrate the ground, keeping you stationary.
You cannot be teleported.
You are immune to unholy pain and torment.
Your maximum health is greatly increased.
Your equipment is partially melded.
((Armour fits poorly on your strangely shaped body.))
((You have extremely tough skin. (AC +3)))
((You have a long armoured tail.))
You regenerate magic when rolling toward enemies. (Rampage MPRegen)


Message History

You feel yourself slow down.
Jessica mumbles some strange words.
Jessica blinks!
Terence attacks as he pursues you!
Terence hits you from afar with a +0 trident!
* * * LOW HITPOINT WARNING * * *
It was a potion of lignification.
You turn into a tree.
Your +0 cloak melds into your body.
Your +0 robe melds into your body.
Your roots penetrate the ground.
Terence hits you but does no damage. x2
You are confused.
You feel invigorated.
Jessica mumbles some strange words.
Jessica blinks!
Terence hits you from afar with a +0 trident.
* * * LOW HITPOINT WARNING * * *
You feel less invigorated.
You feel less confused. Terence hits you but does no damage.
Terence hits you from afar with a +0 trident.
* * * LOW HITPOINT WARNING * * *
Your transformation is almost over.
Terence hits you from afar with a +0 trident.
* * * LOW HITPOINT WARNING * * *
You are too injured to fight recklessly!
Throw: 8 stones
Press: ? - help, Q - select action, (/) - cycle Shift-Dir - straight line, f - Terence
Aim: Terence, wielding a +0 trident and wearing a +0 scale mail (haloed, 80% to hit)
You throw a stone.
The stone hits Terence but does no damage.
Jessica gestures wildly while chanting.
Jessica blinks!
Terence hits you from afar with a +0 trident.
* * * LOW HITPOINT WARNING * * *
Terence hits you from afar with a +0 trident.
* * * LOW HITPOINT WARNING * * *
As you read the scroll labelled RENAGG JUARAJU, it crumbles to dust.
A wave of despondency washes over your surroundings.
It was a scroll of vulnerability.
Terence hits you but does no damage.
Terence hits you from afar with a +0 trident.
You die...
Terence says, "Time to find some more victims."

@.... ### ... ..... ..##.# ...
...... #.##.# #.#.#.# ##......
#####.##.###.#.#.#.# ..@.....
........[..>..#.#.# .#####
#####.#.##.....#.#.#.# .....#
#####..........# #...#.# .....#
#.....###.#.##.#####...#.. .[...#
#.....###♣#.##......)..#.#
.....###.....@@..#....#..#....#.#
)....'.'......#########.........#
#....###....#.# ##.^...####
#....# #....#.# ##.##.## # #....#
#..@.#.# #######..#..## #....#
#....#.# #....##......# #....#
#....#.# #....##.##...# #....#
######.# #....##.....>##


You could see Terence (weak-willed) and Jessica (fast).

Vanquished Creatures
  An adder (D:2)
  4 bats (D:2)
  5 endoplasms
  2 giant cockroaches (D:1)
  2 hobgoblins
  A quokka (D:2)
  4 ball pythons
  A frilled lizard (D:1)
  4 goblins
  A kobold (D:1)
  3 rats
28 creatures vanquished.

Notes
Turn   | Place    | Note
-------+----------+-------------------------------------------
     0 | D:1      | Eli the Armataur Monk began the quest for the Orb.
     0 | D:1      | Reached XP level 1. HP: 18/18 MP: 1/1
    63 | D:1      | Found a faded altar of an unknown god.
   164 | D:1      | Reached skill level 3 in Unarmed Combat
   233 | D:1      | Reached XP level 2. HP: 24/25 MP: 2/2
   753 | D:2      | Reached XP level 3. HP: 28/30 MP: 3/3
  1024 | D:2      | Reached skill level 4 in Unarmed Combat
  1099 | D:2      | Noticed Terence
  1099 | D:2      | Noticed Jessica
  1123 | D:2      | HP: 1/45 [Terence/+0 trident (6)]
  1124 | D:2      | Slain by Terence

Illustrated notes

Levels and vault maps discovered:
D:1:      minmay_arrival_four_houses, layout_loops_ring,
          shapermc_ecumenical_altar_gd
D:2:      layout_basic, minmay_misc_feat_alley, uniq_terence, uniq_jessica

Skill      XL: |  1  2  3 |
---------------+----------+-----
Unarmed Combat | 3 4 |  4.0
Fighting       | |  2.6
Dodging        | |  2.1

Action                     || total
---------------------------++-------
  Melee: Unarmed           ||    62
         Tailslap          ||    13
  Throw: Stone             ||     4
    Use: Scroll            ||     3
         Potion            ||     2
 Armour: Robe              ||    18
         Skin              ||    10
  Dodge: Dodged            ||    22
